 Dungeon Crawl Stone Soup version 0.20.0-15-g7f486f2 (webtiles) character file.

459 greprep the Grave Robber (level 6, -2/33 HPs)
             Began as a Deep Elf Necromancer on June 21, 2017.
             Slain by a hornet zombie (14 damage)
             ... on level 5 of the Dungeon.
             The game lasted 00:13:00 (7181 turns).

greprep the Grave Robber (Deep Elf Necromancer)     Turns: 7181, Time: 00:13:00

Health: -2/33      AC:  5    Str:  5    XL:     6   Next: 78%
Magic:  16/16      EV: 13    Int: 22    God:
Gold:   151        SH:  6    Dex: 15    Spells: 8/16 levels left

rFire    . . .     SeeInvis .   k - +2 short sword (freeze)
rCold    . . .     Gourm    .   s - +2 buckler
rNeg     . . .     Faith    .   a - +0 robe
rPois    .         Spirit   .   (no helmet)
rElec    .         Reflect  .   (no cloak)
rCorr    .         Harm     .   e - +1 pair of gloves
MR       .....                  (no boots)
Stlth    ++........             (no amulet)
Regen    0.2/turn               t - +1 ring of protection
MPRegen  0.2/turn               (no ring)

@: no status effects
A: no striking features
a: no special abilities


You were on level 5 of the Dungeon.
You were not hungry.

You visited 1 branch of the dungeon, and saw 5 of its levels.

You collected 151 gold pieces.

Inventory:

Hand Weapons
 k - a +2 short sword of freezing (weapon)
Missiles
 g - 119 arrows (quivered)
Armour
 a - a +0 robe (worn)
 e - a +1 pair of gloves (worn)
 s - a +2 buckler (worn)
Jewellery
 t - a +1 ring of protection (left hand)
Scrolls
 d - 2 scrolls of random uselessness {unknown}
 l - a scroll of blinking {unknown}
 m - a scroll of fear {unknown}
 n - 3 scrolls of fog {unknown}
 o - 3 scrolls of teleportation {unknown}
 u - a scroll of enchant weapon {unknown}
 v - 5 scrolls of remove curse {unknown}
 y - a scroll of recharging {unknown}
Potions
 h - a potion of curing
 j - 2 potions of lignification
 p - 2 potions of agility
 q - a potion of haste {unknown}
 r - a potion of brilliance {unknown}
Books
 b - a book of Necromancy

   Spells                             Type                      Level
   a - Pain                           Necromancy                   1
   b - Animate Skeleton               Necromancy                   1
   c - Vampiric Draining              Necromancy                   3
   d - Regeneration                   Charms/Necromancy            3
   e - Animate Dead                   Necromancy                   4
   f - Control Undead                 Necromancy                   4
Comestibles
 c - 5 bread rations
 w - 4 fruits
 x - 2 meat rations


   Skills:
 + Level 0.4 Fighting
 + Level 1.5 Short Blades
 + Level 3.4 Dodging
 + Level 3.5 Stealth
 * Level 1.9 Shields
 + Level 5.9 Spellcasting
 + Level 6.6 Necromancy


You had 8 spell levels left.
You knew the following spells:

 Your Spells              Type           Power        Failure   Level  Hunger
a - Pain                  Necr           ####         1%          1    None
b - Vampiric Draining     Necr           #####.....   2%          3    #......
c - Control Undead        Necr           #####.....   8%          4    ###....


Dungeon Overview and Level Annotations

Branches:
Dungeon (5/15)
 Temple: D:4-7

Altars:
Cheibriados
Nemelex Xobeh
The Shining One


Message History

x - 2 meat rations (gained 1)
There is a stone staircase leading up here.
All of the chunks of flesh in your inventory have rotted away.
Found a grey potion.
Found an escape hatch in the ceiling.
You start resting.
Magic restored.
An ogre comes into view. It is wielding a giant club.
What are your orders? t - Shout!
Orders for allies: a - Attack new target. r - Retreat! s - Stop attacking. g - Guard the area. f - Follow me.
Anything else - Cancel.
Gang up on whom?
Press: ? - help, Dir - move target cursor, f - ogre
Aim: an ogre, wielding a giant club (resting) Attack!
The hornet zombie is no longer charmed.
The hornet zombie hits you. The hornet zombie hits you!
You die...

####...>†.........#
#.#####........# #.
#........# #
#........#
#........#
#........#
#........#
#........#
#.!<...@Z#
#...........#
#######.#.#O#
#....... #...... .
#........ ......###
......#


You could see an ogre (sleeping) and a hornet zombie.

Vanquished Creatures
  An ogre (D:4)
  2 orc priests
  A bullfrog skeleton (D:4)
  A centaur skeleton (D:4)
  An iguana (D:4)
  3 worker ants (D:4)
  3 gnolls (D:2)
  6 adders
  2 oozes
  An adder skeleton (D:5)
  5 worms
  2 dart slugs
  4 leopard geckos
  6 orcs
  6 bats
  3 giant cockroaches
  8 goblins
  6 hobgoblins
  4 jackals (D:2)
  A quokka (D:2)
  A ball python (D:4)
  7 frilled lizards
  8 kobolds
  10 rats
92 creatures vanquished.

Vanquished Creatures (collateral kills)
  2 leopard geckos (D:4)
  A frilled lizard (D:4)
3 creatures vanquished.

Grand Total: 95 creatures vanquished

Notes
Turn   | Place    | Note
-------+----------+-------------------------------------------
     0 | D:1      | greprep the Deep Elf Necromancer began the quest for the Orb.
     0 | D:1      | Reached XP level 1. HP: 10/10 MP: 6/6
   206 | D:1      | Reached skill level 5 in Necromancy
   361 | D:1      | Reached XP level 2. HP: 8/15 MP: 2/8
   691 | D:1      | Found a sparkling altar of Nemelex Xobeh.
  1218 | D:1      | Reached XP level 3. HP: 19/19 MP: 9/9
  1456 | D:1      | Learned a level 3 spell: Vampiric Draining
  1785 | D:2      | Found a snail-covered altar of Cheibriados.
  3045 | D:2      | Found a glowing golden altar of the Shining One.
  3184 | D:2      | Reached XP level 4. HP: 23/24 MP: 9/12
  3378 | D:2      | Reached skill level 6 in Necromancy
  4064 | D:3      | Reached XP level 5. HP: 8/28 MP: 6/13
  4654 | D:3      | Reached skill level 1 in Shields
  4790 | D:3      | Reached skill level 1 in Short Blades
  4904 | D:3      | Found a sparkling altar of Nemelex Xobeh.
  5300 | D:4      | Reached skill level 5 in Spellcasting
  5748 | D:4      | Reached XP level 6. HP: 24/32 MP: 5/15
  6261 | D:4      | Learned a level 4 spell: Control Undead
  7001 | D:5      | Entered Level 5 of the Dungeon
  7181 | D:5      | Slain by a hornet zombie

Skill      XL: |  1  2  3  4  5 |
---------------+----------------+-----
Necromancy     | 5 6 |  6.6
Spellcasting   | 4 5 |  5.9
Stealth        | 3 |  3.5
Shields        | 1 |  1.9
Short Blades   | 1 |  1.5
Dodging        | 3 |  3.4
Fighting       | |  0.4

Action                   |  1- 3 |  4- 6 || total
-------------------------+-------+-------++-------
Melee: Dagger            |     7 |       ||     7
       Short sword       |    36 |   117 ||   153
 Cast: Pain              |    54 |    36 ||    90
       Vampiric Draining |     8 |    19 ||    27
       Control Undead    |       |     4 ||     4
  Use: Scroll            |       |     4 ||     4
       Potion            |       |     1 ||     1
 Stab: Sleeping          |     5 |    10 ||    15
  Eat: Chunk             |     5 |    10 ||    15
       Royal jelly       |     1 |       ||     1
       Bread ration      |       |     1 ||     1
Armor: Robe              |    19 |    24 ||    43
Dodge: Dodged            |    46 |    51 ||    97
Block: Buckler           |       |    37 ||    37
